 Dungeon Crawl Stone Soup version 0.29.1-12-g30fa7ad0bf (webtiles) character file.

Game seed: 13671027571449960429

1316 NobleDraconian the Trooper (level 8, -1/67 HPs)
             Began as a Yellow Draconian Fighter on Jan 18, 2023.
             Was an Initiate of the Shining One.
             Slain by a killer bee (4 damage)
             ... on level 8 of the Dungeon.
             The game lasted 00:24:57 (4659 turns).

NobleDraconian the Trooper (DrFi)                   Turns: 4659, Time: 00:24:58

Health: -1/67      AC:  7    Str: 19    XL:     8   Next: 33%
Magic:  4/10       EV: 13    Int: 10    God:    the Shining One [......]
Gold:   238        SH:  0    Dex: 11    Spells: 3/10 levels left

rFire   . . .      SeeInvis .   a - +0 war axe
rCold   . . .      Faith    .   (no shield)
rNeg    . . .      Spirit   .   (body armour unavailable)
rPois   .          Reflect  .   (helmet restricted)
rElec   .          Harm     .   s - +0 cloak {Stlth+}
rCorr   +          Rampage  .   (no gloves)
Will    .....                   (no boots)
Stlth   +.........              k - amulet of regeneration
HPRegen 1.01/turn               (no ring)
MPRegen 0.12/turn               (no ring)

@: brilliant, lethally poisoned (-1 -> -3), glowing
A: spit acid, AC +6, unfitting armour, cold-blooded, acid resistance
a: Breathe Acid, Renounce Religion


You were on level 8 of the Dungeon.
You worshipped the Shining One.
The Shining One was noncommittal.
You visited 1 branch of the dungeon, and saw 6 of its levels.

You collected 238 gold pieces.

Inventory:

Hand Weapons
 a - a +0 war axe (weapon)
 c - a +0 arbalest
Missiles
 g - 2 throwing nets
 h - 4 boomerangs
Armour
 b - a +1 buckler
 s - a +0 cloak of stealth (worn)
Jewellery
 k - an amulet of regeneration (around neck)
Wands
 r - a wand of flame (21)
Scrolls
 d - a scroll of amnesia
 i - 2 scrolls of immolation
 l - 2 scrolls of teleportation {unknown}
 m - 3 scrolls of enchant weapon {unknown}
 n - 2 scrolls of magic mapping
 o - a scroll of butterflies
 p - 2 scrolls of poison {unknown}
 q - a scroll of fear {unknown}
 t - a scroll of enchant armour
Potions
 f - a potion of attraction
 j - a potion of invisibility {unknown}


   Skills:
 * Level 4.9 Fighting
 * Level 3.4 Axes
 * Level 4.3 Ranged Weapons
 * Level 1.7 Throwing
 * Level 3.8 Dodging
 * Level 2.2 Stealth
 * Level 4.1 Shields
 * Level 1.9 Spellcasting
 * Level 1.7 Conjurations
 * Level 1.4 Hexes
 * Level 1.6 Summonings
 * Level 1.4 Earth Magic
 * Level 1.7 Invocations
 * Level 1.2 Evocations


You had 3 spell levels left.
You knew the following spells:

 Your Spells              Type           Power      Damage    Failure   Level
a - Summon Guardian Gole  Hex/Summ       6%         N/A       45%         3
b - Stone Arrow           Conj/Erth      12%        3d7       45%         3
c - Summon Small Mammal   Summ           24%        N/A       16%         1

Your spell library contained the following spells:

 Spells                   Type           Power      Damage    Failure   Level
 Slow                     Hex            20%        N/A       19%         1
 Apportation              Tloc           2%         N/A       32%         1
 Necrotise                Necr           4%         1d4       32%         1
 Confusing Touch          Hex            5%         N/A       47%         3
 Vampiric Draining        Necr           1%         2d6       67%         3
 Yara's Violent Unravell  Hex/Tmut       1%         3d3       100%        5
 Enfeeble                 Hex            2%         N/A       100%        7
 Orb of Destruction       Conj           3%         9d5       100%        7
 Spellforged Servitor     Conj/Summ      3%         N/A       100%        7
 Lehudib's Crystal Spear  Conj/Erth      3%         10d2      100%        8
 Animate Armour           Summ/Erth      Unusable   N/A       N/A         4

Dungeon Overview and Level Annotations

Branches:
Dungeon (8/15)             Temple (0/1) D:4            Lair (0/5) D:8

Altars:
Makhleb
Vehumet
Xom
The Shining One

Shops:
D:3 [   D:5 :


Innate Abilities, Weirdness & Mutations

You can spit globs of acid.
Your golden yellow scales are hard. (AC +6)
You cannot fit into any form of body armour.
You are cold-blooded and may be slowed by cold attacks.
You are resistant to acid. (rCorr)


Message History

You hit the killer bee but do no damage.
The killer bee is moderately wounded.
The killer bee stings you!
* * * LOW HITPOINT WARNING * * *
The killer bee barely misses you. The killer bee stings you!
* * * LOW HITPOINT WARNING * * *
The killer bee closely misses you.
The shadow imp attacks as you move away!
The shadow imp hits you but does no damage.
Found a scroll labelled DYHEADADWA.
The killer bee stings you.
* * * LOW HITPOINT WARNING * * *
The shadow imp gestures at you. Pain shoots through your body!
* * * LOW HITPOINT WARNING * * *
The killer bee closely misses you. The killer bee closely misses you.
You closely miss the killer bee. You tail-slap the killer bee.
The killer bee is moderately wounded.
You have got your breath back.
The killer bee barely misses you. x2
You hit the killer bee.
The killer bee is moderately wounded.
The killer bee stings you but does no damage. x2
The killer bee barely misses you.
You hit the killer bee. You tail-slap the killer bee.
The killer bee is severely wounded.
The killer bee barely misses you. x2; The killer bee closely misses you.
You barely miss the killer bee.
Your tail-slap misses the killer bee.
The killer bee is severely wounded.
The killer bee barely misses you. The killer bee stings you.
* * * LOW HITPOINT WARNING * * *
You are poisoned.
The killer bee poisons you!
Unknown command.
It was a potion of brilliance.
You feel clever all of a sudden.
* * * LOW HITPOINT WARNING * * *
You feel very sick. The killer bee stings you.
You die...

.. # #######
...##.#.....#
......#.....########
....)).............#
......#)5....>##
..... #....55## ...#
######y# .. #@# #
............#
...#.?....#.#
..........
#..........#
#..........#
.............
#.....####.##.


You could see a killer bee, a quasit and a shadow imp.

Vanquished Creatures
  An orange demon (D:5)
  Prince Ribbit (D:5)
  Grinder (D:5)
  Edmund (D:4)
  An ice beast (D:8)
  An ogre (D:5)
  2 scorpions
  A crimson imp (D:3)
  Crazy Yiuf (D:5)
  2 hounds
  2 orc priests (D:8)
  Ijyb (D:5)
  3 iguanas
  Natasha (thrice) (D:1)
  A gnoll (D:1)
  5 adders
  A white imp (D:5)
  4 worms
  3 dart slugs
  8 orcs
  6 ball pythons
  7 endoplasms
  3 giant cockroaches
  8 goblins
  10 hobgoblins
  9 jackals
  3 kobolds
  3 quokkas
  6 bats
  3 frilled lizards
  4 rats (D:1)
105 creatures vanquished.

Vanquished Creatures (others)
  4 demonic plants (D:8)
  A fungus (D:3)
  5 plants (D:3)
10 creatures vanquished.

Grand Total: 115 creatures vanquished

Notes
Turn   | Place    | Note
-------+----------+-------------------------------------------
     0 | D:1      | NobleDraconian the Draconian Fighter began the quest for
                  | the Orb.
     0 | D:1      | Reached XP level 1. HP: 19/19 MP: 1/1
   150 | D:1      | Reached XP level 2. HP: 22/26 MP: 2/2
   154 | D:2      | Noticed Natasha
   162 | D:1      | Killed Natasha
   163 | D:1      | Reached XP level 3. HP: 10/33 MP: 3/3
  1120 | D:2      | Reached XP level 4. HP: 38/40 MP: 4/4
  1319 | D:1      | Noticed Natasha
  1361 | D:1      | Killed Natasha
  1362 | D:1      | Reached skill level 1 in Ranged Weapons
  1362 | D:1      | Reached skill level 1 in Stealth
  1618 | D:1      | Noticed Natasha
  1624 | D:1      | Killed Natasha
  1625 | D:1      | Reached XP level 5. HP: 45/46 MP: 6/6
  2306 | D:3      | Learned a level 3 spell: Summon Guardian Golem
  2539 | D:3      | Found a burning altar of Makhleb.
  2539 | D:3      | Found a shimmering altar of Xom.
  2544 | D:3      | Reached skill level 1 in Spellcasting
  2549 | D:3      | Became a worshipper of Makhleb the Destroyer
  2614 | D:3      | Learned a level 3 spell: Stone Arrow
  2634 | D:3      | Found a faded altar of an unknown god.
  2720 | D:3      | Found Zetu's Armour Shoppe.
  2774 | D:4      | Found a radiant altar of Vehumet.
  2966 | D:4      | Reached XP level 6. HP: 33/52 MP: 7/7
  3120 | D:4      | Found a staircase to the Ecumenical Temple.
  3159 | D:4      | Noticed Edmund
  3177 | D:4      | Killed Edmund
  3619 | D:5      | Entered Level 5 of the Dungeon
  3649 | D:5      | Reached * piety under Makhleb
  3650 | D:5      | Your scales start taking on a golden yellow colour.
  3650 | D:5      | Reached XP level 7. HP: 51/60 MP: 9/9
  3650 | D:5      | Gained mutation: You are resistant to acid. (rCorr) [Yellow
                  | Draconian growth]
  3678 | D:5      | Noticed Prince Ribbit
  3688 | D:5      | Found a glowing golden altar of the Shining One.
  3703 | D:5      | Killed Prince Ribbit
  3704 | D:5      | Reached skill level 1 in Throwing
  3704 | D:5      | Reached skill level 1 in Conjurations
  3704 | D:5      | Reached skill level 1 in Hexes
  3704 | D:5      | Reached skill level 1 in Summonings
  3704 | D:5      | Reached skill level 1 in Earth Magic
  3704 | D:5      | Reached skill level 1 in Invocations
  3733 | D:5      | Fell from the grace of Makhleb
  3733 | D:5      | Became a worshipper of the Shining One
  3813 | D:5      | Noticed an orange demon
  3860 | D:5      | Killed an orange demon
  3994 | D:5      | Found a runed translucent door.
  3995 | D:5      | Noticed Crazy Yiuf
  4001 | D:5      | Killed Crazy Yiuf
  4100 | D:5      | Found Suboor's Book Emporium.
  4331 | D:5      | Learned a level 1 spell: Summon Small Mammal
  4370 | D:5      | Noticed Ijyb
  4370 | D:5      | Noticed Grinder
  4379 | D:5      | Paralysed by Grinder for 3 turns
  4385 | D:5      | Killed Grinder
  4386 | D:5      | Reached XP level 8. HP: 54/67 MP: 10/10
  4395 | D:5      | Killed Ijyb
  4396 | D:5      | Reached skill level 1 in Evocations
  4618 | D:5      | You fall into a shaft and drop 3 floors!
  4618 | D:8      | Found a staircase to the Lair.
  4653 | D:8      | HP: 3/67 [shadow imp/nerve-wracking pain (8)]
  4659 | D:8      | HP: 3/67 [poisoned by a killer bee]
  4659 | D:8      | Slain by a killer bee

Illustrated notes

Levels and vault maps discovered:
D:1:      giann_bridges, layout_rooms, serial_curves, eino_curves_03,
          eino_curves_01
D:2:      minmay_skewed_foursquare, layout_loops_ring, minmay_misc_feat_hallway,
          uniq_natasha
D:3:      layout_basic, grunt_temple_overflow_champion_of_chaos,
          dreamdust_ecumenical_altar_grove, serial_shops, nicolae_shop_crystal
D:4:      layout_basic, nicolae_vehumet_radiance, minmay_temple_entry_overgrown,
          wad_orctagon, uniq_edmund
D:5:      layout_basic, mainiacjoe_overflow_six_doors_small, serial_shops, shop,
          interstate_on_off, uniq_ijyb, uniq_prince_ribbit1, uniq_grinder,
          uniq_crazy_yiuf_cottage
D:8:      layout_loops_ring, lair_entry_dummy, serial_demonic, serial_demonic_b,
          serial_demonic_e, serial_demonic_f, serial_demonic_a,
          wad_rectangle_vault, uniq_psyche, uniq_maggie

Skill      XL: |  1  2  3  4  5  6  7  8 |
---------------+-------------------------+-----
Dodging        | 3 |  3.8
Fighting       | 4 |  4.9
Ranged Weapons | 1 2 4 |  4.3
Stealth        | 1 2 |  2.2
Spellcasting   | 1 |  1.9
Axes           | 3 |  3.4
Throwing       | 1 |  1.7
Conjurations   | 1 |  1.7
Hexes          | 1 |  1.4
Summonings     | 1 |  1.6
Earth Magic    | 1 |  1.4
Invocations    | 1 |  1.7
Shields        | 4 |  4.1
Evocations     | 1 |  1.2

Action                   |  1- 3 |  4- 6 |  7- 9 || total
-------------------------+-------+-------+-------++-------
Melee: War axe           |    36 |    53 |    39 ||   128
       Tailslap          |     6 |     8 |     6 ||    20
       Punch             |       |       |     3 ||     3
 Fire: Arbalest          |    18 |   125 |    28 ||   171
 Cast: Stone Arrow       |       |       |     2 ||     2
 Abil: Breathe Acid      |       |       |    13 ||    13
Evoke: Wand              |       |       |     1 ||     1
  Use: Potion            |     1 |     3 |     6 ||    10
       Scroll            |     1 |     8 |       ||     9
Armor: Skin              |    14 |    48 |    28 ||    90
Dodge: Dodged            |    24 |   124 |    64 ||   212
Block: Buckler           |     4 |       |       ||     4
